 Dungeon Crawl Stone Soup version 0.22.1-7-g5c428e7 (webtiles) character file.

54 misha the Skirmisher (level 3, 0/29 HPs)
             Began as a Mummy Fighter on Feb 17, 2019.
             Slain by Sigmund
             ... wielding a +1 scythe of slicing
              (3 damage)
             ... on level 2 of the Dungeon.
             The game lasted 00:13:21 (2235 turns).

misha the Skirmisher (Mummy Fighter)                Turns: 2235, Time: 00:13:27

Health: 0/29       AC:  6    Str: 20    XL:     3   Next: 66%
Magic:  3/3        EV:  7    Int:  7    God:
Gold:   110        SH:  0    Dex: 11    Spells: 2/2 levels left

rFire    x . .     SeeInvis .   u - -2 mace (curse)
rCold    + . .     Gourm    .   c - +0 shield
rNeg     + + +     Faith    .   b - +0 scale mail
rPois    ∞         Spirit   .   (no helmet)
rElec    .         Reflect  .   (no cloak)
rCorr    .         Harm     .   (no gloves)
MR       .....                  (no boots)
Stlth    ..........             (no amulet)
HPRegen  0.09/turn              (no ring)
MPRegen  0.08/turn              (no ring)

@: confused
A: no food or potions, fire vulnerability, cold resistance 1, negative energy
resistance 3, torment resistance, unbreathing
a: no special abilities


You were on level 2 of the Dungeon.
You were not hungry.

You visited 1 branch of the dungeon, and saw 2 of its levels.

You collected 110 gold pieces.

Inventory:

Hand Weapons
 a - a +0 flail
 d - a +0 dagger
 f - a +0 hand axe
 g - a +0 hunting sling
 i - a +0 short sword
 l - a +0 hunting sling
 r - a +2 falchion of protection
 u - a cursed -2 mace (weapon)
 v - a +0 dagger
 w - a +0 short sword
Missiles
 h - 16 poisoned needles
 j - 24 stones (quivered)
 o - 26 bolts
 s - 20 arrows
Armour
 b - a +0 scale mail (worn)
 c - a +0 shield (worn)
 y - a +0 leather armour
Scrolls
 k - a scroll of remove curse {unknown}
 n - a scroll of enchant armour
 x - a scroll of identify
Potions
 e - a potion of lignification {unknown}
 p - 2 potions of flight {unknown}
 q - a potion of ambrosia {unknown}
 t - 2 potions of curing
Comestibles
 m - 5 rations


   Skills:
 + Level 3.3 Fighting
 + Level 2.1 Maces & Flails
 + Level 3.0 Armour
 + Level 2.7 Shields


You had 2 spell levels left.
You didn't know any spells.
Your spell library was empty.

Dungeon Overview and Level Annotations

Branches:
Dungeon (2/15)

Altars:
Qazlal

Annotations:
D:2 Sigmund


Innate Abilities, Weirdness & Mutations

You do not eat or drink.
Your flesh is vulnerable to fire.
You are immune to poison.
Your flesh is cold resistant. (rC+)
You are immune to negative energy. (rN+++)
You are immune to unholy pain and torment.
You can survive without breathing.


Message History

You are too injured to fight recklessly!
You are too injured to fight recklessly!
You are too injured to fight recklessly!
You hit Sigmund.
Sigmund is severely wounded.
Sigmund's eyes start glowing with a red light.
Sigmund closely misses you.
You are too injured to fight recklessly!
You closely miss Sigmund.
Sigmund is severely wounded.
Sigmund points at you and mumbles some strange words.
You resist with some effort.
You are too injured to fight recklessly!
You hit Sigmund.
Sigmund is severely wounded.
Sigmund points at you and mumbles some strange words.
You are confused.
Sigmund hits you with a scythe of slicing!
* * * LOW HITPOINT WARNING * * *
You die...

.†######..<.###..................
.†##......#.....###............<#
#.......#...#######..............
.....##.........................#
..#####..##########..............
..# #.## #..............#.....
..# #.# #.................... ..#
..# #..............#..... ...
#### #..@@..........#..... ..##
..........#####...#..... ..#
..........#####.########
.###......#.......#
####.###.......# ..# #.......#
#### #.......# #.......#
#.......#


You could see Sigmund.

Vanquished Creatures
  An adder (D:2)
  2 dart slugs
  4 leopard geckos (D:1)
  2 ball pythons (D:1)
  3 giant cockroaches (D:1)
  2 goblins (D:1)
  2 hobgoblins (D:2)
  4 jackals (D:1)
  2 quokkas (D:2)
  6 bats
  3 frilled lizards
  3 kobolds (D:1)
  4 rats (D:1)
38 creatures vanquished.

Notes
Turn   | Place    | Note
-------+----------+-------------------------------------------
     0 | D:1      | misha the Mummy Fighter began the quest for the Orb.
     0 | D:1      | Reached XP level 1. HP: 18/18 MP: 1/1
   264 | D:1      | Reached XP level 2. HP: 21/24 MP: 2/2
   620 | D:1      | Reached XP level 3. HP: 10/29 MP: 3/3
  1894 | D:2      | Found a stormy altar of Qazlal.
  2224 | D:2      | Noticed Sigmund
  2235 | D:2      | Slain by Sigmund

Skill      XL: |  1  2  3 |
---------------+----------+-----
Maces & Flails | 2 |  2.1
Armour         | 3 |  3.0
Fighting       | |  3.3
Shields        | |  2.7

Action                   || total
-------------------------++-------
Melee: Flail             ||    88
       Mace              ||    58
 Fire: Hunting sling     ||     8
Throw: Stone             ||    18
  Use: Scroll            ||     5
Armor: Scale mail        ||    81
Dodge: Dodged            ||    70
Block: Shield            ||   104
